 Dungeon Crawl Stone Soup version 0.32-a0-132-g2d33c3cfaf (webtiles) character file.

Game seed: 15197241560695151407

24448 GibletGobbler the Blocker (level 13, -13/67 HPs)
             Began as a Vine Stalker Fighter on Feb 9, 2024.
             Was a Priest of Zin.
             Mangled by Urug
             ... wielding a +4 broad axe
              (19 damage)
             ... on level 14 of the Dungeon.
             The game lasted 01:56:56 (7949 turns).

GibletGobbler the Blocker (Vine Stalker Fighter)    Turns: 7949, Time: 01:56:57

Health: -13/67     AC: 13    Str: 25    XL:     13   Next: 13%
Magic:  0/14       EV: 11    Int:  8    God:    Zin [***...]
Gold:   95         SH: 17    Dex: 13    Spells: 6/12 levels left

rFire   + . .        U - +5 dagger (holy)
rCold   . . .        N - +0 kite shield
rNeg    . . .        u - +5 scale mail {rPois}
rPois   +            (no helmet)
rElec   .            (no cloak)
rCorr   .            (no gloves)
SInv    .            (no boots)
Will    +....        h - amulet of reflection Stlth
                     f - ring of protection from cold
HPRegen 1.11/turn    S - ring of fire
MPRegen 0.14/turn

%: reflection, guardian spirit
@: silenced
A: fangs 3, regeneration 1, magic shield, antimagic bite, no potion heal 2
a: Renounce Religion


You were on level 14 of the Dungeon.
You worshipped Zin.
Zin was most pleased with you.
You visited 1 branch of the dungeon, and saw 14 of its levels.
You also visited: Bailey.

You collected 648 gold pieces.
You spent 48 gold pieces at shops.
You donated 505 gold pieces to Zin.

Inventory:

Hand Weapons
 d - a +1 whip of freezing
 n - a +3 hand axe
 t - a +2 dagger of protection
 D - a +4 battleaxe
 E - a +3 hand axe
 G - a +3 short sword
 I - a +3 great sword
 L - a +1 heavy hand axe
 R - a +2 war axe of flaming
 U - a +5 dagger of holy wrath (weapon)
 Y - a +1 heavy arbalest
Missiles
 v - 14 boomerangs (quivered)
 H - 3 curare-tipped darts
Armour
 u - a +5 scale mail of poison resistance (worn)
 J - a +1 robe of willpower
 N - a +0 kite shield (worn)
Jewellery
 a - a ring of ice
 f - a ring of protection from cold (left hand)
 h - an amulet of reflection (around neck)
 B - an amulet of the acrobat
 S - a ring of fire (right hand)
Wands
 g - a wand of paralysis (17)
 T - a wand of roots (9)
 V - a wand of light (5)
Scrolls
 p - 4 scrolls of revelation
Potions
 e - 5 potions of curing
 i - 3 potions of cancellation
 j - a potion of berserk rage {unknown}
 k - a potion of degeneration {unknown}
 l - 3 potions of lignification {unknown}
 m - 3 potions of enlightenment
 q - 2 potions of attraction
 z - 3 potions of haste {unknown}
 O - a potion of mutation {unknown}
Miscellaneous
 X - a sack of spiders (inert)


   Skills:
 + Level 7.0 Fighting
 + Level 8.0(8.2) Short Blades
 + Level 2.5(5.7) Long Blades
 + Level 5.7 Axes
 + Level 3.4 Throwing
 + Level 8.5 Armour
 + Level 4.7 Dodging
 + Level 4.6 Stealth
 + Level 11.7 Shields
 + Level 0.5 Invocations
 + Level 0.2 Evocations


You had 6 spell levels left.
You knew the following spells:

 Your Spells              Type           Power      Damage    Failure   Level
a - Summon Cactus Giant   Summ           0%         N/A       100%        6

Your spell library contained the following spells:

 Spells                   Type           Power      Damage    Failure   Level
 Apportation              Tloc           0%         N/A       83%         1
 Magic Dart               Conj           0%         1d3       83%         1
 Blink                    Tloc           0%         N/A       92%         2
 Call Imp                 Summ           0%         N/A       92%         2
 Jinxbite                 Hex            0%         N/A       92%         2
 Scorch                   Fire           0%         2d5       92%         2
 Flame Wave               Conj/Fire      0%         2d4       100%        4
 Alistair's Intoxication  Alch           0%         N/A       100%        5


Dungeon Overview and Level Annotations

Branches:
Dungeon (14/15)            Vaults (0/5) D:14         Bailey (visited)
 Temple: D:4-7         Lair: D:8-11         Orc: D:9-12

Altars:
Elyvilon
Okawaru
Trog
Vehumet
Xom
Zin

Shops:
D:1 [   D:6 (   D:11 *   D:12 *

Annotations:
D:12 exclusions: oklob plant and oklob sapling
D:14 Urug


Innate Abilities, Weirdness & Mutations

You have razor-sharp teeth.
Your natural rate of healing is unusually fast.
When hurt, damage is shared between your health and your magic reserves.
Your bite disrupts and absorbs the magic of your enemies.
Potions cannot restore your health.


Message History

You hit Urug but do no damage. You bite Urug, but do no damage.
Urug is moderately wounded.
Urug hits you with a +4 broad axe!
You hit Urug. You bite Urug. You drain her power.
You feel invigorated.
Urug is moderately wounded.
The deep elf pyromancer mumbles some strange words.
The deep elf pyromancer blinks!
You hit Urug. Your bite misses Urug.
Urug is moderately wounded.
You block Urug's attack.
You hit Urug. You bite Urug! You drain her power.
You feel invigorated.
Urug is heavily wounded.
Urug hits you but does no damage.
You closely miss Urug. Your bite misses Urug.
Urug is heavily wounded.
The deep elf pyromancer gestures wildly while chanting.
The deep elf pyromancer blinks!
You hit Urug but do no damage. Your bite misses Urug.
Urug is heavily wounded.
Urug hits you with a +4 broad axe!!
* * * LOW HITPOINT WARNING * * *
You hit Urug. You bite Urug, but do no damage.
Urug is heavily wounded.
The deep elf pyromancer casts a spell.
Urug hits you with a +4 broad axe.
* * * LOW HITPOINT WARNING * * *
You hit Urug but do no damage.
Urug is heavily wounded.
You closely miss Urug. Your bite misses Urug.
Urug is heavily wounded.
Urug hits you with a +4 broad axe!
* * * LOW HITPOINT WARNING * * *
As you read the scroll labelled DYRAAZXIALIG, it crumbles to dust.
It is a scroll of enchant weapon.
Your +4 dagger of holy wrath glows red for a moment.
Urug closely misses you.
As you read the scroll labelled YSEDOST ZAIBB, it crumbles to dust.
A profound silence engulfs you.
It was a scroll of silence.
You block the fire elemental's attack. Urug hits you with a +4 broad axe!!
You die...

.........#.#.#
.....$.... #.#
.......#.###.#######
#......)..s.......
...#.#..###p#######
#..# #.# #)†###°#
#oE○°eE# #@######
###


You could see Urug, a deep elf pyromancer and 2 fire elementals.

Vanquished Creatures
  The ghost of Iceca the Martial Artist, a journeyman DsSh of Gozag (D:12)
  Erolcha (D:11)
  6 two-headed ogres
  A boulder beetle (D:12)
  3 centaur warriors
  Pikel (D:4)
  2 deep elf pyromancers (D:13)
  3 ugly things (D:13)
  4 cyclopes
  3 meliai (D:13)
  A black mamba (shapeshifter) (D:13)
  A gargoyle (D:12)
  2 kobold demonologists
  Maggie (D:6)
  A yaktaur (D:14)
  A komodo dragon (D:10)
  4 trolls
  A polar bear (D:8)
  Grinder (D:4)
  Sigmund (D:5)
  5 slime creatures
  2 vampires
  A wyvern (D:8)
  3 shadows
  Eustachio (D:4)
  A yak (D:7)
  14 humans (D:14)
  A wraith (D:11)
  2 steam dragons
  An acid dragon (D:12)
  2 water moccasins
  Duvessa (D:4)
  A sky beast (D:6)
  3 orc warriors (Bailey)
  3 ice beasts
  A black bear (D:5)
  An ogre (D:5)
  3 wolves
  6 centaurs (D:11)
  3 lemures
  6 kobold brigands
  2 bullfrogs (D:7)
  A gnoll sergeant (D:11)
  Dowan (D:4)
  10 wights (D:7)
  5 killer bees (D:9)
  4 howler monkeys
  3 bombardier beetles
  5 hounds
  A gnoll bouda (D:6)
  2 iguanas
  A jelly (D:4)
  4 orc priests
  A sleepcap (D:8)
  8 orc wizards
  8 gnolls
  10 adders
  3 white imps
  A howler monkey simulacrum (D:8)
  2 ufetubi (D:7)
  2 dart slugs
  2 ribbon worms
  33 orcs
  3 endoplasms
  2 giant cockroaches
  5 goblins
  4 hobgoblins
  3 jackals
  10 ball pythons
  4 bats
  2 frilled lizards (D:3)
  17 kobolds
  6 rats
265 creatures vanquished.

Vanquished Creatures (collateral kills)
  2 humans (D:14)
2 creatures vanquished.

Vanquished Creatures (others)
  A kobold (D:10)
1 creature vanquished.

Grand Total: 268 creatures vanquished

Notes
Turn   | Place    | Note
-------+----------+-------------------------------------------
     0 | D:1      | GibletGobbler the Vine Stalker Fighter began the quest for
                  | the Orb.
     0 | D:1      | Reached XP level 1. HP: 11/11 MP: 2/2
    15 | D:1      | Found Dumihec's Antique Armour Emporium.
   142 | D:1      | Reached XP level 2. HP: 16/16 MP: 3/3
   464 | D:2      | Reached XP level 3. HP: 20/20 MP: 4/4
   496 | D:2      | Reached skill level 3 in Shields
   812 | D:3      | Reached XP level 4. HP: 24/24 MP: 5/5
   984 | D:3      | Found a bloodstained altar of Trog.
  1008 | D:3      | Found a radiant altar of Vehumet.
  1140 | D:3      | Found a shimmering altar of Xom.
  1229 | D:4      | Noticed Pikel
  1229 | D:4      | Noticed a lemure
  1229 | D:4      | Noticed a lemure
  1233 | D:4      | Noticed a lemure
  1240 | D:4      | Noticed a lemure
  1247 | D:3      | Killed a lemure
  1250 | D:3      | Killed a lemure
  1256 | D:4      | Reached skill level 1 in Axes
  1256 | D:4      | Reached XP level 5. HP: 18/28 MP: 6/6
  1258 | D:4      | Killed a lemure
  1266 | D:4      | Killed Pikel
  1267 | D:4      | Reached skill level 4 in Shields
  1267 | D:4      | Reached XP level 6. HP: 13/32 MP: 3/7
  1267 | D:4      | Reached XP level 7. HP: 15/36 MP: 3/8
  1346 | D:4      | Noticed Dowan
  1347 | D:4      | Noticed Duvessa
  1370 | D:4      | Killed Duvessa
  1373 | D:4      | Killed Dowan
  1460 | D:4      | Noticed Eustachio
  1473 | D:4      | Killed Eustachio
  1474 | D:4      | Gained mutation: You have razor-sharp teeth. [Vine Stalker
                  | growth]
  1474 | D:4      | Reached XP level 8. HP: 42/42 MP: 9/9
  1493 | D:4      | Noticed Grinder
  1515 | D:4      | Killed Grinder
  1516 | D:4      | Reached skill level 5 in Axes
  1516 | D:4      | Reached skill level 1 in Dodging
  1646 | D:5      | Entered Level 5 of the Dungeon
  1675 | D:5      | Reached skill level 5 in Shields
  1678 | D:5      | Noticed Sigmund
  1708 | D:5      | Killed Sigmund
  1709 | D:5      | Reached skill level 1 in Short Blades
  1830 | D:5      | Reached XP level 9. HP: 36/45 MP: 8/10
  2037 | D:6      | Noticed Maggie
  2051 | D:6      | Killed Maggie
  2052 | D:6      | Reached skill level 5 in Armour
  2052 | D:6      | Reached skill level 1 in Stealth
  2054 | D:6      | Found Plog's Antique Weapon Boutique.
  2322 | D:7      | Found a flagged portal.
  2347 | Bailey   | Entered a bailey
  2360 | Bailey   | Reached skill level 6 in Shields
  2823 | D:7      | Reached XP level 10. HP: 50/51 MP: 11/11
  2849 | D:7      | Reached skill level 7 in Shields
  3000 | D:8      | Reached skill level 5 in Fighting
  3123 | D:7      | Reached skill level 5 in Short Blades
  3176 | D:7      | HP: 1/51 [slime creature (4)]
  3458 | D:8      | Reached skill level 8 in Shields
  3793 | D:9      | Reached skill level 1 in Throwing
  3965 | D:9      | Reached XP level 11. HP: 55/56 MP: 12/12
  3990 | D:10     | Entered Level 10 of the Dungeon
  4103 | D:10     | Found a glowing silver altar of Zin.
  4186 | D:10     | Found a white marble altar of Elyvilon.
  4360 | D:10     | Noticed a two-headed ogre
  4372 | D:10     | Killed a two-headed ogre
  4442 | D:11     | Noticed a two-headed ogre
  4442 | D:11     | Noticed a cyclops
  4478 | D:11     | Noticed a cyclops
  4483 | D:11     | Killed a cyclops
  4596 | D:11     | Noticed a centaur warrior
  4604 | D:11     | Killed a centaur warrior
  4605 | D:11     | Reached skill level 9 in Shields
  4674 | D:11     | Killed a cyclops
  4795 | D:11     | Found Fugruski's General Store.
  4816 | D:11     | Bought a potion of might for 48 gold pieces
  4844 | D:11     | Noticed a two-headed ogre
  4951 | D:10     | Became a worshipper of Zin the Law-Giver
  4951 | D:10     | Reached * piety under Zin
  4951 | D:10     | Reached ** piety under Zin
  4952 | D:10     | Donated 206 gold pieces to Zin
  4953 | D:10     | Donated 103 gold pieces to Zin
  5293 | D:11     | Noticed Erolcha
  5304 | D:11     | Killed Erolcha
  5414 | D:11     | Killed a two-headed ogre
  5533 | D:11     | Donated 64 gold pieces to Zin
  5592 | D:12     | Noticed a boulder beetle
  5611 | D:12     | Killed a boulder beetle
  5612 | D:12     | Reached skill level 10 in Shields
  5698 | D:11     | Killed a two-headed ogre
  5888 | D:11     | Reached *** piety under Zin
  5975 | D:12     | Reached XP level 12. HP: 38/61 MP: 11/13
  6022 | D:12     | Found a large runed translucent door.
  6022 | D:12     | Found a large runed translucent door.
  6024 | D:12     | Noticed Iceca's ghost (journeyman DsSh)
  6075 | D:12     | Killed Iceca's ghost
  6142 | D:12     | Noticed a two-headed ogre
  6156 | D:12     | Killed a two-headed ogre
  6392 | D:12     | Noticed a naga warrior
  6396 | D:12     | Found a large runed translucent door.
  6397 | D:12     | Found a large runed translucent door.
  6403 | D:12     | Noticed a centaur warrior
  6411 | D:12     | Found an iron altar of Okawaru.
  6415 | D:12     | Found an iron altar of Okawaru.
  6418 | D:12     | Killed a centaur warrior
  6612 | D:12     | Found Jinotza Tio's Assorted Antiques.
  7084 | D:12     | Learned a level 6 spell: Summon Cactus Giant
  7318 | D:13     | Noticed a two-headed ogre
  7332 | D:13     | Reached skill level 11 in Shields
  7341 | D:13     | HP: 1/62 [meliai/divine providence (8)]
  7342 | D:13     | Donated 72 gold pieces to Zin
  7344 | D:13     | Zin protects you from harm!
  7344 | D:13     | Zin protects you from harm!
  7453 | D:13     | Killed a two-headed ogre
  7739 | D:14     | Found a gate to the Vaults.
  7739 | D:14     | Noticed a two-headed ogre
  7739 | D:14     | Noticed Urug
  7740 | D:14     | Noticed a centaur warrior
  7786 | D:14     | Killed a two-headed ogre
  7816 | D:14     | Killed a centaur warrior
  7817 | D:14     | Reached XP level 13. HP: 41/66 MP: 12/14
  7949 | D:14     | Mangled by Urug

Illustrated notes

Levels and vault maps discovered:
D:1:      tarquinn_simple_flora_water_e, layout_basic, serial_shops, shop,
          nicolae_shop_gibbet_a_chance, shop, nicolae_shop_tiny_statue_garden,
          shop
D:2:      layout_rooms
D:3:      layout_loops_ring, mainiacjoe_overflow_boulevard,
          nicolae_overflow_squiral, minmay_statues_item,
          minmay_misc_feat_more_columns
D:4:      layout_basic, hangedman_decor_riveting, minivault_26,
          hangedman_feature_mirror, minmay_fractal_squares_diagonal_5,
          uniq_pikel, uniq_grinder, uniq_duvessa, uniq_eustachio
D:5:      layout_loops_cross, uniq_sigmund
D:6:      layout_loops_corners, mainiacjoe_overflow_alcove_2,
          minmay_temple_entry_glass, serial_shops, shop, supply_closet_lemuel,
          uniq_jeremiah, uniq_maggie
D:7:      layout_loops_cross, enter_bailey_2, minmay_misc_feat_hallway,
          st_stairs_8
D:8:      layout_rooms, nicolae_qazlal_eye_of_the_storm, erik_lair_island,
          serial_ice, serial_ice_n, serial_ice_a, serial_ice_b, serial_ice_m
D:9:      layout_basic, nemelex_diamond_rough_becter
D:10:     layout_basic, zin_statuary, mainiacjoe_overflow_small_starburst
D:11:     layout_irregular_city, serial_shops, shop, uniq_erolcha
D:12:     okawaru_arena_lexackson, layout_irregular_city, orc_0_dummy,
          ebering_ghost_disaster_area, serial_shops, shop,
          gauntlet_entry_generic, introduction_to_nature_1
D:13:     layout_loops_ring
D:14:     layout_basic, david_vaults_3, serial_curves, eino_curves_03,
          eino_curves_03, small_statue_intersection, uniq_jorgrun

Skill      XL: |  1  2  3  4  5  6  7  8  9 10 11 12 13 |
---------------+----------------------------------------+-----
Long Blades    | 2 |  2.5
Fighting       | 3 4 5 6 7 |  7.0
Shields        | 3 4 5 6 8 10 11 | 11.7
Axes           | 1 3 4 5 |  5.7
Armour         | 3 4 5 6 7 8 |  8.5
Dodging        | 1 2 3 4 |  4.7
Short Blades   | 1 4 5 6 7 8 |  8.0
Stealth        | 1 4 |  4.6
Throwing       | 1 3 |  3.4
Invocations    | |  0.5
Evocations     | |  0.2

Action                     |  1- 3 |  4- 6 |  7- 9 | 10-12 | 13-15 || total
---------------------------+-------+-------+-------+-------+-------++-------
  Melee: Long sword        |    43 |       |       |       |       ||    43
         Bite              |    14 |     8 |   132 |   308 |    43 ||   505
         Hand axe          |    28 |    43 |    36 |       |       ||   107
         Dagger            |       |       |   339 |   853 |   130 ||  1322
  Throw: Boomerang         |       |       |     2 |    73 |       ||    75
 Invoke: Donate Gold       |       |       |       |     4 |       ||     4
         Recite            |       |       |       |     1 |       ||     1
         Vitalisation      |       |       |       |     1 |       ||     1
  Evoke: Sack of spiders   |       |       |       |     2 |       ||     2
         Wand              |       |       |       |     1 |       ||     1
    Use: Potion            |       |     1 |       |     4 |       ||     5
         Scroll            |       |       |     4 |    25 |     2 ||    31
   Stab: Invisible         |       |       |       |    15 |       ||    15
 Armour: Scale mail        |    33 |    30 |   140 |   408 |    59 ||   670
  Dodge: Dodged            |    18 |    16 |    99 |   194 |    34 ||   361
  Block: Buckler           |    18 |    21 |   160 |   138 |       ||   337
         Reflection        |       |       |    13 |    35 |       ||    48
         Kite shield       |       |       |       |   397 |   102 ||   499

Table legend: (Time is in decaauts)
 A = Elapsed time spent in this place.
 B = Non-inter-level travel time spent in this place.
 C = Inter-level travel time spent in this place.
 D = Time resting spent in this place.
 E = Time spent auto-exploring this place.
 F = Levels seen in this place.
 G = Mean time per level.
                   A        B        C        D        E       F      G
               +--------+--------+--------+--------+--------+-----+--------+
         Total |   7710 |   4092 |   3618 |    376 |      0 |  15 |  514.0 |
       Dungeon |   7504 |   3886 |   3618 |    376 |      0 |  14 |  536.0 |
        Bailey |    206 |    206 |      0 |      0 |      0 |   1 |  206.0 |
               +--------+--------+--------+--------+--------+-----+--------+

Top non-repeatable levels by time:
    D:12: 1078 daAuts
    D:11: 910 daAuts
    D:13: 800 daAuts
    D:10: 778 daAuts
     D:7: 588 daAuts
     D:3: 564 daAuts
     D:2: 457 daAuts
     D:9: 449 daAuts
     D:8: 408 daAuts
     D:4: 389 daAuts
     D:6: 330 daAuts
     D:5: 318 daAuts
     D:1: 277 daAuts
  Bailey: 206 daAuts
    D:14: 151 daAuts
